 Dungeon Crawl Stone Soup version 0.29.1-12-g30fa7ad0bf (webtiles) character file.

Game seed: 8254220220453329124

116 Eitelfritz the Shooter (level 4, 0/38 HPs)
             Began as a Minotaur Hunter on Jan 13, 2023.
             Slain by an orc
             ... wielding a +0 mace
              (7 damage)
             ... on level 3 of the Dungeon.
             The game lasted 00:06:18 (2053 turns).

Eitelfritz the Shooter (Minotaur Hunter)            Turns: 2053, Time: 00:06:25

Health: 0/38       AC:  8    Str: 13 (16) XL:     4   Next: 69%
Magic:  3/3        EV: 11    Int:  5 (8)  God:
Gold:   120        SH:  0    Dex: 11 (13) Spells: 3/3 levels left

rFire   . . .      SeeInvis .   b - +0 spear
rCold   . . .      Faith    .   (no shield)
rNeg    . . .      Spirit   .   c - +0 leather armour
rPois   .          Reflect  .   q - +1 hat
rElec   .          Harm     .   (no cloak)
rCorr   .          Rampage  .   (no gloves)
Will    .....                   (no boots)
Stlth   +.........              r - amulet of magic regeneration
HPRegen 0.12/turn               n - +4 ring of protection
MPRegen 0.48/turn               (no ring)

@: slowed, very slow
A: horns 2, retaliatory headbutt
a: no special abilities


You were on level 3 of the Dungeon.
You visited 1 branch of the dungeon, and saw 3 of its levels.

You collected 120 gold pieces.

Inventory:

Hand Weapons
 a - a +0 shortbow
 b - a +0 spear (weapon)
 v - a +0 falchion
Missiles
 d - 3 boomerangs
 i - 18 poisoned darts
 p - 3 curare-tipped darts
Armour
 c - a +0 leather armour (worn)
 q - a +1 hat (worn)
Jewellery
 l - an amulet of the acrobat
 n - a +4 ring of protection (left hand)
 r - an amulet of magic regeneration (around neck)
Scrolls
 e - a scroll of identify {unknown}
 f - a scroll of vulnerability {unknown}
 o - a scroll of teleportation {unknown}
 s - a scroll of immolation
 u - a scroll of magic mapping {unknown}
Potions
 g - 2 potions of berserk rage {unknown}
 h - a potion of curing {unknown}
 j - 3 potions of degeneration
 k - 2 potions of invisibility {unknown}
 m - a potion of ambrosia {unknown}
 t - 2 potions of heal wounds {unknown}


   Skills:
 + Level 3.1 Fighting
 + Level 0.9 Polearms
 + Level 5.7 Ranged Weapons
 + Level 1.7 Armour
 + Level 2.3 Dodging
 + Level 1.5 Stealth


You had 3 spell levels left.
You didn't know any spells.
Your spell library contained the following spells:

 Spells                   Type           Power      Damage    Failure   Level
 Freeze                   Ice            0%         1d3       56%         1
 Sandblast                Erth           0%         2d4       56%         1
 Passwall                 Tmut/Erth      0%         N/A       71%         2
 Frozen Ramparts          Ice            0%         1d1       90%         3
 Stone Arrow              Conj/Erth      0%         3d7       90%         3
 Hailstorm                Conj/Ice       0%         3d3       100%        4


Dungeon Overview and Level Annotations

Branches:
Dungeon (3/15)

Altars:
Elyvilon

Shops:
D:2 [


Innate Abilities, Weirdness & Mutations

You have a pair of horns on your head.
You reflexively headbutt those who attack you in melee.


Message History

The orc is severely wounded.
The orc closely misses you.
You closely miss the orc.
The orc is severely wounded.
The orc closely misses you. The orc misses you.
You hit the orc but do no damage. Your headbutt misses the orc.
The orc is severely wounded.
The orc hits you but does no damage. The orc barely misses you. x2
You furiously retaliate!
You headbutt the orc, but do no damage. You barely miss the orc.
The orc is severely wounded.
The orc hits you but does no damage. The orc hits you with a +0 hand axe.
The orc hits you with a +0 flail.
You hit the orc.
You kill the orc!
The orc hits you with a +0 mace. The orc closely misses you.
You furiously retaliate!
You headbutt the orc. The orc hits you but does no damage.
You barely miss the orc.
The orc is heavily wounded.
The orc hits you with a +0 flail! The orc misses you.
The orc barely misses you. x2
You closely miss the orc. You headbutt the orc.
You kill the orc!
An orc wizard comes into view. It is wielding a +0 dagger.
The orc completely misses you.
You hit the orc.
The orc is lightly wounded.
The orc hits you with a +0 mace.
* * * LOW HITPOINT WARNING * * *
The orc closely misses you.
Unknown command.
It was a potion of degeneration.
There was something very wrong with that liquid.
You feel weakened.
You feel dopey.
You feel clumsy.
The orc wizard mumbles some strange words.
The orc wizard flickers and vanishes!
Deactivating autopickup; reactivate with Ctrl-A.
The orc hits you with a +0 mace!
You die...

#..#...)..)...######.#
....##.......>....#
#.# .....#
#.)......###.# #.#
~...# #.#{######
#.####.# .~g. #.#.#
#......# .~. #.#.#
######## ~. #.#.#####
#..)....# #..)@...#
......o....#
#####......# #......#
.......# ........#
.........# .....######


You could see an orc.

Vanquished Creatures
  Natasha (D:3)
  Terence (D:2)
  An adder (D:3)
  2 worms (D:2)
  2 dart slugs
  6 orcs (D:3)
  2 bats (D:1)
  An endoplasm (D:3)
  A goblin (D:3)
  5 hobgoblins (D:1)
  4 jackals (D:1)
  2 quokkas (D:3)
  5 ball pythons
  3 frilled lizards
  3 kobolds
  A rat (D:1)
40 creatures vanquished.

Notes
Turn   | Place    | Note
-------+----------+-------------------------------------------
     0 | D:1      | Eitelfritz the Minotaur Hunter began the quest for the Orb.
     0 | D:1      | Reached XP level 1. HP: 18/18 MP: 0/0
    76 | D:1      | Reached skill level 1 in Stealth
   186 | D:1      | Reached XP level 2. HP: 25/25 MP: 1/1
   186 | D:1      | Found a faded altar of an unknown god.
   777 | D:2      | Found Qitoe's Armour Shoppe.
   814 | D:2      | Reached skill level 1 in Armour
   988 | D:2      | Reached skill level 5 in Ranged Weapons
   988 | D:2      | Reached XP level 3. HP: 25/30 MP: 2/2
  1249 | D:2      | Noticed Terence
  1282 | D:2      | Killed Terence
  1468 | D:2      | Found a white marble altar of Elyvilon.
  1858 | D:3      | Reached XP level 4. HP: 36/37 MP: 3/3
  2034 | D:3      | Noticed Natasha
  2044 | D:3      | Killed Natasha
  2053 | D:3      | Slain by an orc

Illustrated notes

Levels and vault maps discovered:
D:1:      dpeg_arrival_pond, layout_loops_ring,
          dreamdust_ecumenical_altar_statues, dreamdust_mushroom_princess
D:2:      layout_basic, basic_altar, serial_shops, nicolae_shop_trees,
          uniq_terence
D:3:      cheibrodos_helix_gallery, layout_basic, serial_shops,
          nicolae_shop_waterfront, nrook_loot_triangle, st_stairs_1,
          uniq_natasha, uniq_jessica, uniq_robin

Skill      XL: |  1  2  3  4 |
---------------+-------------+-----
Stealth        | 1 |  1.5
Armour         | 1 |  1.7
Ranged Weapons | 5 |  5.7
Fighting       | 3 |  3.1
Polearms       | |  0.9
Dodging        | |  2.3

Action                   |  1- 3 |  4- 6 || total
-------------------------+-------+-------++-------
Melee: Spear             |     3 |    40 ||    43
       Headbutt          |     1 |     9 ||    10
       Punch             |       |     1 ||     1
 Fire: Shortbow          |    71 |    16 ||    87
  Use: Potion            |       |     1 ||     1
Armor: Leather armour    |     3 |    18 ||    21
Dodge: Dodged            |    28 |    34 ||    62
